 Dungeon Crawl Stone Soup version 0.19.1-1-g22dce08 (webtiles) character file.

3863 shas the Cleaver (level 9, -2/84 HPs)
             Began as a Minotaur Fighter on Jan 18, 2017.
             Was a Follower of Okawaru.
             Killed from afar by a steam dragon (16 damage)
             ... with a ball of steam
             ... on level 8 of the Dungeon.
             The game lasted 01:00:40 (6791 turns).

shas the Cleaver (Minotaur Fighter)                 Turns: 6791, Time: 01:00:41

Health: -2/84      AC:  9    Str: 28    XL:     9   Next: 99%
Magic:  8/8        EV:  8    Int:  3    God:    Okawaru [*.....]
Gold:   125        SH:  0    Dex: 10    Spells: 0 memorised, 8 levels left

rFire  . . .     SeeInvis .     r - +0 battleaxe
rCold  + + .     Gourm    .     z - +1 scale mail {rC+}
rNeg   . . .     Faith    .     (shield currently unavailable)
rPois  .         Spirit   .     n - +0 hat
rElec  .         Reflect  .     (no cloak)
rCorr  .         Harm     .     (no gloves)
MR     .....     Rnd*Tele +     x - +0 pair of boots of Zod Kopy {Str+6}
Stlth  ..........               (no amulet)
                                C - -2 ring of evasion (curse)
                                p - ring of wizardry

@: no status effects
A: retaliatory headbutt, horns 2, cold resistance 1, dopey 1, teleportitis 1,
weak 1, no device heal 1
a: Heroism, Renounce Religion


You were on level 8 of the Dungeon.
You worshipped Okawaru.
Okawaru was aware of your devotion.
You were not hungry.

You visited 2 branches of the dungeon, and saw 9 of its levels.
You also visited: Sewer.

You collected 391 gold pieces.
You spent 266 gold pieces at shops.

Inventory:

Hand Weapons
 a - a +3 war axe
 r - a +0 battleaxe (weapon)
Armour
 c - a +1 shield
 n - a +0 hat (worn)
 x - the +0 pair of boots of Zod Kopy (worn) {Str+6}
   (You bought it in a shop on level 5 of the Dungeon)

   It affects your strength (+6).
 z - a +1 scale mail of cold resistance (worn)
Jewellery
 p - a ring of wizardry (left hand)
 v - a cursed ring of teleportation
 A - an uncursed ring of magical power
 C - a cursed -2 ring of evasion (right hand)
Scrolls
 f - a scroll of amnesia
 g - a scroll of identify
 u - a scroll of fear
 w - 2 scrolls of magic mapping
 y - a scroll of random uselessness
Potions
 b - a potion of berserk rage {unknown}
 d - 3 potions of brilliance
 e - 3 potions of curing
 i - a potion of degeneration
 j - a potion of flight {unknown}
 l - a potion of invisibility {unknown}
 m - a potion of haste {unknown}
 s - a potion of might
 B - 2 potions of agility {unknown}
Comestibles
 k - 6 meat rations
 o - a beef jerky
 q - 4 bread rations
 t - a slice of pizza
 D - 7 chunks of flesh


   Skills:
 + Level 9.6 Fighting
 * Level 12.2 Axes
 - Level 4.7 Armour
 - Level 1.4 Dodging
 - Level 0.5 Stealth
 - Level 8.0 Shields


You had 8 spell levels left.
You didn't know any spells.

Dungeon Overview and Level Annotations

Branches:
Dungeon (8/15)             Temple (1/1) D:4
   Lair: D:8-11

Altars:
Cheibriados
Dithmenos
Elyvilon
Fedhas
Gozag
Hepliaklqana
Kikubaaqudgha
Makhleb
Nemelex Xobeh
Okawaru
Qazlal
Ru
Sif Muna
Trog
Uskayaw
Vehumet
Xom
Yredelemnul
Zin
The Shining One

Shops:
D:5 [   D:7 [:


Innate Abilities, Weirdness & Mutations

You reflexively headbutt those who attack you in melee.
You have a pair of horns on your head.
Your flesh is cold resistant. (rC+)
You are dopey. (Int -2)
You are occasionally teleported next to monsters.
You are weak. (Str -2)
Potions and wands are less effective at restoring your health.


Message History

* * * LOW HITPOINT WARNING * * *
The steam dragon claws you but does no damage.
Your surroundings suddenly seem different.
An ogre comes into view. It is wielding a giant spiked club.
The ogre shouts!
Found 20 stones.
As you open the door, it creaks loudly!
There is an open door here.
You open the door.
There is an open door here.
As you read the scroll of teleportation, it crumbles to dust.
You feel strangely unstable.
You open the door.
Your surroundings suddenly seem different.
The steam dragon hisses angrily.
Found a runed flail.
Found a stone staircase leading down.
The steam dragon breathes steam at you. The ball of steam hits you!
You die...

............)..#
...............#
...............#
)..............#
...(...........####
###.(.............#
#......[.D§.....#
#..........§§...#
#............§@.#
#....................#
#....................#
#....................#
#....................#
>.............#
..............#
###############


There were no monsters in sight!

Vanquished Creatures
  The ghost of Squonk the Slinger, a novice HaHu of Okawaru (D:7)
  The ghost of Xiguana the Magician, an amateur DgWz (D:4)
  A yak (D:5)
  Edmund (D:6)
  The ghost of Gorglomux the Conjurer, an amateur DECj (Sewer)
  An ice beast (D:8)
  A necrophage (D:7)
  2 phantoms
  2 sky beasts (D:6)
  An ogre (D:5)
  5 centaurs
  5 big kobolds
  3 bullfrogs
  A gnoll sergeant (D:8)
  3 scorpions
  4 wights (D:6)
  A howler monkey (D:6)
  A crimson imp (D:7)
  2 hounds
  A jelly (D:5)
  2 centaur skeletons (D:6)
  An orc wizard (D:5)
  2 bullfrog skeletons
  An iguana (D:4)
  7 worker ants
  A worker ant zombie (D:8)
  Robin (D:3)
  3 gnolls (D:8)
  6 adders
  2 river rats (Sewer)
  3 oozes (Sewer)
  An adder zombie (D:6)
  2 adder skeletons
  6 worms
  2 dart slugs (D:3)
  4 leopard geckos
  7 orcs
  3 ball pythons
  8 bats
  10 giant cockroaches
  19 goblins
  13 hobgoblins
  13 jackals
  5 quokkas
  4 frilled lizards
  12 kobolds
  A quokka skeleton (D:4)
  15 rats
192 creatures vanquished.

Notes
Turn   | Place    | Note
-------+----------+-------------------------------------------
     0 | D:1      | shas the Minotaur Fighter began the quest for the Orb.
     0 | D:1      | Reached XP level 1. HP: 19/19 MP: 0/0
   197 | D:1      | Reached XP level 2. HP: 27/27 MP: 1/1
  1022 | D:2      | Reached XP level 3. HP: 30/33 MP: 2/2
  1207 | D:2      | Found a bloodstained altar of Trog.
  1517 | D:2      | Reached skill level 3 in Axes
  1672 | D:3      | Noticed Robin
  1722 | D:3      | Killed Robin
  1722 | D:3      | Reached XP level 4. HP: 36/40 MP: 3/3
  1750 | D:3      | Found a glowing drain.
  1759 | Sewer    | Entered a sewer
  1848 | Sewer    | Noticed Gorglomux's ghost (amateur DECj)
  1859 | Sewer    | Killed Gorglomux's ghost
  1859 | Sewer    | Reached skill level 4 in Axes
  1859 | Sewer    | Reached XP level 5. HP: 16/47 MP: 4/4
  2080 | Sewer    | Reached skill level 5 in Axes
  2081 | Sewer    | Reached skill level 1 in Dodging
  2081 | Sewer    | Reached XP level 6. HP: 49/55 MP: 5/5
  2177 | Sewer    | Reached skill level 5 in Fighting
  2341 | Sewer    | Reached skill level 6 in Axes
  2620 | Sewer    | Reached skill level 5 in Shields
  2620 | Sewer    | Reached XP level 7. HP: 59/61 MP: 6/6
  2920 | D:3      | Found a faded altar of an unknown god.
  2920 | D:3      | Found a hazy altar of Hepliaklqana.
  2925 | D:3      | Found a faded altar of an unknown god.
  2927 | D:3      | Found a faded altar of an unknown god.
  2928 | D:3      | Found a faded altar of an unknown god.
  3259 | D:4      | Noticed Xiguana's ghost (amateur DgWz)
  3294 | D:4      | Killed Xiguana's ghost
  3294 | D:4      | Reached skill level 7 in Axes
  3399 | D:4      | Found a staircase to the Ecumenical Temple.
  3408 | Temple   | Entered the Ecumenical Temple
  3951 | D:5      | Entered Level 5 of the Dungeon
  4148 | D:5      | Noticed a dagger
  4154 | D:5      | Noticed a hand axe
  4182 | D:5      | Reached XP level 8. HP: 64/71 MP: 7/7
  4187 | D:5      | Found a hide-covered altar of Uskayaw.
  4188 | D:5      | Gained mutation: You are occasionally teleported next to monsters. [potion of mutation]
  4188 | D:5      | Gained mutation: Potions and wands are less effective at restoring your health. [potion of mutation]
  4188 | D:5      | Gained mutation: Your flesh is cold resistant. (rC+) [potion of mutation]
  4208 | D:5      | Found Ytamewk's Antique Armour Emporium.
  4229 | D:5      | Reached skill level 8 in Axes
  4685 | D:6      | Reached skill level 9 in Axes
  4737 | D:5      | Bought a pair of slimy boots for 266 gold pieces
  4742 | D:5      | Identified the cursed +0 pair of boots of Zod Kopy {Str+6} (You bought it in a shop on level 5 of the Dungeon)
  4756 | D:6      | Noticed a hill giant
  5037 | D:6      | Noticed Edmund
  5049 | D:6      | Killed Edmund
  5049 | D:6      | Reached XP level 9. HP: 70/81 MP: 8/8
  5485 | D:6      | Reached skill level 10 in Axes
  5569 | D:6      | Gained mutation: Your body sometimes deteriorates upon taking damage. [mutagenic meat]
  5571 | D:6      | Gained mutation: You are dopey. (Int -2) [mutagenic meat]
  5572 | D:6      | Lost mutation: Your body sometimes deteriorates upon taking damage. [mutagenic meat]
  5573 | D:6      | Gained mutation: You are weak. (Str -2) [mutagenic meat]
  5621 | D:7      | Found a sparkling altar of Nemelex Xobeh.
  5796 | D:7      | Found a glowing golden altar of the Shining One.
  5800 | D:7      | Found a deep blue altar of Sif Muna.
  5800 | D:7      | Found an iron altar of Okawaru.
  5801 | D:7      | Found an opulent altar of Gozag.
  5822 | D:7      | Became a worshipper of Warmaster Okawaru
  6168 | D:7      | Found Juojoc's Book Boutique.
  6271 | D:7      | Noticed Squonk's ghost (novice HaHu)
  6284 | D:7      | Reached skill level 11 in Axes
  6296 | D:7      | Killed Squonk's ghost
  6372 | D:7      | Found a shadowy altar of Dithmenos.
  6408 | D:7      | Found Zebluf Unwes's Antique Armour Shop.
  6432 | D:8      | Reached * piety under Okawaru
  6432 | D:8      | Reached skill level 12 in Axes
  6718 | D:8      | Found an ancient bone altar of Kikubaaqudgha.
  6737 | D:8      | Found a white marble altar of Elyvilon.
  6791 | D:8      | Killed from afar by a steam dragon

Skill      XL: |  1  2  3  4  5  6  7  8  9 |
---------------+----------------------------+-----
Shields        | 4 5 6 7 8 |  8.0
Armour         | 4 |  4.7
Fighting       | 4 5 6 7 9 |  9.6
Axes           | 3 4 5 6 7 9 12 | 12.2
Dodging        | 1 |  1.4
Stealth        | |  0.5

Action                   |  1- 3 |  4- 6 |  7- 9 || total
-------------------------+-------+-------+-------++-------
Melee: War axe           |    98 |   137 |   188 ||   423
       Headbutt          |     6 |     9 |    73 ||    88
       Battleaxe         |       |       |   146 ||   146
  Use: Scroll            |     7 |     1 |    13 ||    21
       Potion            |     1 |       |     5 ||     6
 Stab: Distracted        |     1 |       |       ||     1
  Eat: Chunk             |     3 |     1 |    11 ||    15
       Bread ration      |       |     1 |       ||     1
       Meat ration       |       |       |     1 ||     1
Armor: Scale mail        |    43 |    40 |    96 ||   179
       Chain mail        |       |       |    42 ||    42
Dodge: Dodged            |    33 |    33 |   102 ||   168
Block: Shield            |    53 |    61 |   108 ||   222
